 Dungeon Crawl Stone Soup version 0.18.1-50-g88ac8fd (webtiles) character file.

7802 atgrul the Basher (level 11, -6/107 HPs)
             Began as a Minotaur Fighter on Sept 18, 2016.
             Was a Priest of Okawaru.
             Mangled by a komodo dragon (32 damage)
             ... on level 1 of the Lair of Beasts.
             The game lasted 00:25:26 (10346 turns).

atgrul the Basher (Minotaur Fighter)               Turns: 10346, Time: 00:25:27

Health: -6/107     AC: 11    Str: 22    XL:     11   Next: 1%
Magic:  9/10       EV:  5    Int:  5    God:    Okawaru [***...]
Gold:   553        SH:  9    Dex: 12    Spells: 0 memorised, 10 levels left

rFire  . . .     SeeInvis .     M - +3 flail
rCold  . . .     Gourm    .     C - +0 plate armour (curse)
rNeg   . . .     Faith    .     c - +0 shield
rPois  .         Spirit   .     (helmet restricted)
rElec  .         Dismiss  .     (no cloak)
rCorr  .         Reflect  .     (no gloves)
SustAt .         Harm     +     (no boots)
MR     .....                    v - amulet of harm
Stlth  ..........               (no ring)
                                (no ring)

@: not resistant to hostile enchantments, extremely unstealthy
A: retaliatory headbutt, horns 2
a: Heroism, Renounce Religion


You were on level 1 of the Lair of Beasts.
You worshipped Okawaru.
Okawaru was most pleased with you.
You were near starving.

You visited 3 branches of the dungeon, and saw 11 of its levels.
You also visited: Sewer.

You collected 553 gold pieces.

Inventory:

Hand Weapons
 a - a +0 flail
 b - the +4 rapier "Durphef" {flame, +Fly Str+3 Int+4}
   (You found it on level 8 of the Dungeon)

   It has been specially enchanted to burn those struck by it, causing extra
   injury to most foes and up to half again as much damage against particularly
   susceptible opponents.
   It affects your strength (+3).
   It affects your intelligence (+4).
   It lets you fly.
 H - a +0 dire flail
 M - a +3 flail (weapon)
Missiles
 s - 3 poisoned tomahawks (quivered)
 K - 6 silver tomahawks
Armour
 c - a +0 shield (worn)
 C - a cursed +0 plate armour (worn)
 I - a +1 ring mail of fire resistance
Jewellery
 v - an amulet of harm (around neck)
 N - a cursed ring of resist corrosion {unknown}
 U - an uncursed amulet of guardian spirit {unknown}
 Y - a +5 amulet of reflection {unknown}
Wands
 j - a wand of paralysis (9/24)
 l - a wand of flame (18/48)
 J - a wand of flame (29/48)
 P - a wand of paralysis (13/24)
 Q - a wand of paralysis (15/24)
Scrolls
 e - 2 scrolls of amnesia
 m - 4 scrolls of remove curse
 p - 5 scrolls of teleportation {unknown}
 x - a scroll of brand weapon {unknown}
 y - a scroll of enchant weapon {unknown}
 z - 2 scrolls of magic mapping {unknown}
 B - 4 scrolls of fog
 D - 5 scrolls of identify
 R - 2 scrolls of blinking {unknown}
 T - 5 scrolls of fear {unknown}
 X - a scroll of silence {unknown}
 Z - 2 scrolls of enchant armour {unknown}
Potions
 d - 3 potions of might
 h - a potion of curing
 i - a potion of cancellation
 n - a potion of heal wounds {unknown}
 q - 2 potions of flight
 w - a potion of magic {unknown}
 E - a potion of cure mutation {unknown}
 O - 2 potions of haste {unknown}
 S - a potion of brilliance {unknown}
Books
 k - a book of Conjurations

   Spells                             Type                      Level
   a - Magic Dart                     Conjuration                  1
   b - Searing Ray                    Conjuration                  2
   c - Dazzling Spray                 Conjuration/Hexes            3
   d - Fulminant Prism                Conjuration/Hexes            4
   e - Iskenderun's Mystic Blast      Conjuration                  4
   f - Iskenderun's Battlesphere      Conjuration/Charms           5
Miscellaneous
 A - a plain deck of summoning
Comestibles
 f - 4 bread rations
 g - 5 meat rations
 F - 2 beef jerkies
 G - 4 slices of pizza
 L - 2 royal jellies
 W - 4 fruits


   Skills:
 + Level 13.1 Fighting
 - Level 14.1 Maces & Flails
 - Level 3.6 Armour
 + Level 4.2 Dodging
 - Level 1.0 Stealth
 - Level 3.6 Shields
 + Level 0.2 Invocations


You had 10 spell levels left.
You didn't know any spells.

Dungeon Overview and Level Annotations

Branches:
Dungeon (9/15)             Temple (1/1) D:7            Lair (1/8) D:9
    Orc (0/2) D:9

Altars:
Ashenzari
Cheibriados
Dithmenos
Elyvilon
Gozag
Kikubaaqudgha
Makhleb
Nemelex Xobeh
Okawaru
Pakellas
Qazlal
Ru
Sif Muna
Vehumet
Xom
Yredelemnul
Zin
The Shining One

Shops:
D:7 %   D:9 (


Innate Abilities, Weirdness & Mutations

You reflexively headbutt those who attack you in melee.
You have a pair of horns on your head.


Message History

Okawaru accepts your kill.
The giant frog hits you but does no damage.
You block the giant frog's attack.
You hit the giant frog.
You kill the giant frog!
Okawaru accepts your kill.
You have reached level 11!
You feel like a meek peon again.
You bludgeon the crocodile!!
You headbutt the crocodile, but do no damage.
The crocodile is almost dead.
You block the crocodile's attack.
You hit the crocodile.
You kill the crocodile!
Okawaru accepts your kill.
Your shield and plate armour prevent you from hitting the komodo dragon.
The komodo dragon bites you!!
* * * LOW HITPOINT WARNING * * *
You feel better. The komodo dragon bites you!!
You die...

#..........###..
##........###
##. #....######
## ###.## # #.##
##.# #..# ##.##
#@## ##l# ##.##
#..# ##..#
###..## #.#.#.#
#######.††###
#........##


You could see a komodo dragon.

Vanquished Creatures
  A hydra (Lair:1)
  An elephant (D:9)
  A spiny frog (Lair:1)
  A gargoyle (D:8)
  Prince Ribbit (D:7)
  Sigmund (D:4)
  A yak (D:9)
  2 hippogriffs
  Menkaure (D:4)
  A mottled dragon (D:9)
  Edmund (D:4)
  3 orc warriors
  A sky beast (D:5)
  4 ice beasts
  An eye of draining (D:7)
  7 ogres
  3 phantoms
  2 necrophages
  9 wolves (Lair:1)
  The ghost of loralnil the Firebug, an amateur DrFE (D:3)
  2 centaurs
  3 crocodiles
  4 giant frogs
  2 scorpions
  A killer bee (D:9)
  2 howler monkeys
  3 wights (D:6)
  A giant frog zombie (D:8)
  A crimson imp (D:5)
  6 hounds
  A quasit (D:7)
  A centaur skeleton (D:8)
  A centaur zombie (D:9)
  2 orc priests
  3 jellies
  3 orc wizards
  5 iguanas
  Ijyb (D:2)
  A gnoll shaman (D:7)
  5 worker ants
  Terence (D:2)
  2 sheep (D:9)
  A killer bee zombie (D:7)
  9 adders
  13 gnolls
  15 river rats (Lair:1)
  2 shadow imps
  2 oozes
  2 worms
  3 dart slugs
  11 giant geckos
  32 orcs
  2 ball pythons (D:4)
  6 bats
  6 giant cockroaches
  11 goblins
  8 hobgoblins
  15 jackals
  11 kobolds
  4 quokkas
  A giant gecko skeleton (D:6)
  7 giant newts
  A quokka skeleton (D:6)
  A quokka zombie (D:7)
  8 rats
265 creatures vanquished.

Notes
Turn   | Place    | Note
--------------------------------------------------------------
     0 | D:1      | atgrul the Minotaur Fighter began the quest for the Orb.
     0 | D:1      | Reached XP level 1. HP: 19/19 MP: 0/0
    66 | D:1      | Reached skill level 3 in Maces & Flails
   102 | D:1      | Reached XP level 2. HP: 19/26 MP: 1/1
   369 | D:1      | Reached skill level 4 in Maces & Flails
   513 | D:1      | Found a glowing golden altar of the Shining One.
   645 | D:2      | Reached XP level 3. HP: 31/31 MP: 2/2
   650 | D:2      | Found an oddly glowing altar of Pakellas.
   741 | D:2      | Noticed Ijyb
   749 | D:2      | Killed Ijyb
   749 | D:2      | Reached skill level 5 in Maces & Flails
   804 | D:2      | Noticed Terence
   811 | D:2      | Killed Terence
   811 | D:2      | Reached XP level 4. HP: 28/39 MP: 3/3
  1227 | D:2      | Reached skill level 1 in Stealth
  1760 | D:3      | Noticed an ogre
  1788 | D:2      | Killed an ogre
  1788 | D:2      | Reached skill level 6 in Maces & Flails
  1788 | D:2      | Reached XP level 5. HP: 20/45 MP: 4/4
  2000 | D:3      | Noticed an ice beast
  2041 | D:2      | Reached skill level 7 in Maces & Flails
  2166 | D:3      | Noticed loralnil's ghost (amateur DrFE)
  2189 | D:3      | Killed loralnil's ghost
  2189 | D:3      | Reached XP level 6. HP: 26/51 MP: 5/5
  2464 | D:3      | Found a shattered altar of Ashenzari.
  2514 | D:3      | Reached skill level 8 in Maces & Flails
  2667 | D:3      | Found a burning altar of Makhleb.
  2707 | D:3      | Found a sparkling altar of Nemelex Xobeh.
  3019 | D:3      | Killed an ice beast
  3019 | D:3      | Reached skill level 9 in Maces & Flails
  3083 | D:4      | Noticed Menkaure
  3208 | D:4      | Reached XP level 7. HP: 57/57 MP: 6/6
  3474 | D:4      | Noticed Sigmund
  3490 | D:4      | Killed Menkaure
  3490 | D:4      | Reached skill level 10 in Maces & Flails
  3526 | D:4      | Killed Sigmund
  3825 | D:4      | Noticed Edmund
  3839 | D:4      | Killed Edmund
  3954 | D:4      | Reached skill level 11 in Maces & Flails
  4140 | D:5      | Entered Level 5 of the Dungeon
  4237 | D:5      | Reached XP level 8. HP: 53/64 MP: 7/7
  4760 | D:5      | Reached skill level 12 in Maces & Flails
  4998 | D:5      | Found a shadowy altar of Dithmenos.
  5237 | D:5      | Found an ancient bone altar of Kikubaaqudgha.
  5658 | D:6      | Reached skill level 13 in Maces & Flails
  5795 | D:6      | Found a glowing drain.
  5806 | Sewer    | Entered a sewer
  6028 | D:6      | Reached XP level 9. HP: 66/70 MP: 8/8
  6632 | D:7      | Found a sacrificial altar of Ru.
  6727 | D:7      | Reached skill level 14 in Maces & Flails
  6785 | D:7      | Reached skill level 1 in Dodging
  6988 | D:7      | Found Yleogode's Food Shop.
  6997 | D:7      | Reached skill level 5 in Fighting
  7040 | D:7      | Found a staircase to the Ecumenical Temple.
  7050 | Temple   | Entered the Ecumenical Temple
  7077 | Temple   | Became a worshipper of Warmaster Okawaru
  7150 | D:7      | Found a shattered altar of Ashenzari.
  7152 | D:7      | Found a radiant altar of Vehumet.
  7275 | D:7      | Noticed Prince Ribbit
  7283 | D:7      | Killed Prince Ribbit
  7283 | D:7      | Reached * piety under Okawaru
  7357 | D:8      | Noticed a gargoyle
  7699 | D:8      | Killed a gargoyle
  7699 | D:8      | Reached XP level 10. HP: 70/90 MP: 9/9
  8068 | D:8      | Got a shimmering rapier
  8069 | D:8      | Identified the +4 rapier "Durphef" {flame, +Fly Str+3 Int+4} (You found it on level 8 of the Dungeon)
  8130 | D:9      | Noticed an elephant
  8146 | D:9      | Killed an elephant
  8146 | D:9      | Reached ** piety under Okawaru
  8146 | D:9      | Reached skill level 10 in Fighting
  8341 | D:9      | Found a staircase to the Lair.
  8378 | D:9      | Found a staircase to the Orcish Mines.
  8712 | D:9      | Found Sazicuck's Antique Weapon Emporium.
  9242 | Lair:1   | Entered Level 1 of the Lair of Beasts
  9761 | Lair:1   | Noticed a six-headed hydra
  9771 | Lair:1   | Killed a six-headed hydra
 10035 | Lair:1   | Noticed a spiny frog
 10047 | Lair:1   | Killed a spiny frog
 10047 | Lair:1   | Reached *** piety under Okawaru
 10334 | Lair:1   | Reached XP level 11. HP: 37/107 MP: 8/10
 10346 | Lair:1   | Mangled by a komodo dragon

Skill      XL: |  1  2  3  4  5  6  7  8  9 10 |
---------------+-------------------------------+-----
Maces & Flails | 3 4 5 6 7 9 11 13 14 | 14.1
Stealth        | 1 |  1.0
Fighting       | 8 13 | 13.1
Dodging        | 3 4 |  4.2
Armour         | |  3.6
Shields        | |  3.6
Invocations    | |  0.2

Action                   |  1- 3 |  4- 6 |  7- 9 | 10-12 || total
-------------------------+-------+-------+-------+-------++-------
Melee: Flail             |    87 |   141 |   393 |   223 ||   844
       Headbutt          |    13 |    19 |    68 |    42 ||   142
Invok: Heroism           |       |       |       |     2 ||     2
  Use: Scroll            |       |     5 |     4 |       ||     9
       Potion            |       |       |     2 |     1 ||     3
  Eat: Chunk             |       |     7 |    15 |     7 ||    29
Armor: Scale mail        |    33 |    31 |       |       ||    64
       Chain mail        |       |    41 |       |       ||    41
       Plate armour      |       |     1 |   151 |    87 ||   239
Dodge: Dodged            |    24 |    30 |    44 |    45 ||   143
Block: Shield            |    41 |    67 |   158 |   119 ||   385
